[ AOE2 MATCH · #470108973 ]
Team RMPersians vs Malians
[ REPLAY ANALYSIS · EXTRACTED FROM THE RECORDED GAME ]
Feudal
8:56
Castle
19:09
Imperial
—
| APM avg | 10.1 |
| APM peak | 28 |
| eAPM avg | 6.6 |
| Villagers / military | 62 / 0 |
Focus
⚔️ 16.9% · 🌾 83.1%
Feudal
14:06
Castle
19:54
Imperial
—
| APM avg | 17.3 |
| APM peak | 35 |
| eAPM avg | 9.3 |
| Villagers / military | 50 / 16 |
Focus
⚔️ 20.4% · 🌾 79.6%
Mameluke ×8 · Monk ×4 · Scorpion ×2 · Battering Ram ×2
Feudal
12:56
Castle
23:44
Imperial
—
| APM avg | 21.6 |
| APM peak | 62 |
| eAPM avg | 12.9 |
| Villagers / military | 37 / 18 |
Focus
⚔️ 10.9% · 🌾 89.1%
Spearman ×15 · Archer ×3
Feudal
10:24
Castle
18:42
Imperial
—
| APM avg | 12.4 |
| APM peak | 48 |
| eAPM avg | 7.4 |
| Villagers / military | 63 / 5 |
Focus
⚔️ 5.3% · 🌾 94.7%
Longbowman ×5
Feudal
13:39
Castle
19:24
Imperial
27:23
| APM avg | 14.9 |
| APM peak | 53 |
| eAPM avg | 8.7 |
| Villagers / military | 82 / 2 |
Focus
⚔️ 4.6% · 🌾 95.4%
Monk ×2
Feudal
12:15
Castle
17:00
Imperial
—
| APM avg | 25.7 |
| APM peak | 101 |
| eAPM avg | 10.7 |
| Villagers / military | 117 / 1 |
Focus
⚔️ 3.9% · 🌾 96.1%
Monk ×1
Feudal
12:00
Castle
20:37
Imperial
—
| APM avg | 17.2 |
| APM peak | 53 |
| eAPM avg | 8.6 |
| Villagers / military | 54 / 16 |
Focus
⚔️ 13.7% · 🌾 86.3%
Gbeto ×14 · Battering Ram ×2
Feudal
11:36
Castle
22:22
Imperial
—
| APM avg | 18.3 |
| APM peak | 52 |
| eAPM avg | 10.8 |
| Villagers / military | 74 / 8 |
Focus
⚔️ 11.7% · 🌾 88.3%
Mangudai ×8
Match map
Resources at game start + every placement click. Thick line = wall · dashed box = detected house wall. 🟡 gold · ⚪ stone · 🟢 berries · 🔶 boar · ⭕ relic
Inputs per minute
— 喜多川海梦 - - QQQQQQQQQQQQ
Build order — 喜多川海梦
80 actions detected in the replay
| 0:07 | Build | House |
| 0:07 | Build | House |
| 0:09 | Build | House |
| 0:15 | Create | Villager (Male) ×5 |
| 0:15 | Create | Villager (Male) ×5 |
| 1:53 | Create | Villager (Male) |
| 2:28 | Create | Villager (Male) |
| 2:28 | Create | Villager (Male) |
| 2:28 | Create | Villager (Male) |
| 2:52 | Create | Villager (Male) |
| 2:52 | Create | Villager (Male) |
| 2:52 | Create | Villager (Male) |
| 3:13 | Build | Mill |
| 3:36 | Create | Villager (Male) |
| 3:36 | Create | Villager (Male) |
| 3:51 | Build | Lumber Camp |
| 4:05 | Create | Villager (Male) |
| 4:05 | Create | Villager (Male) |
| 4:05 | Create | Villager (Male) |
| 6:52 | Research | Feudal Age |
| 8:50 | Create | Villager (Male) |
| 8:50 | Create | Villager (Male) |
| 8:50 | Create | Villager (Male) |
| 8:51 | Create | Villager (Male) |
| 8:51 | Create | Villager (Male) |
| 8:56 | Age | Feudal Age |
| 9:04 | Build | House |
| 9:05 | Build | House |
| 9:06 | Build | House |
| 9:07 | Build | House |
| 9:09 | Build | House |
| 9:11 | Build | House |
| 9:13 | Build | House |
| 10:23 | Create | Villager (Male) ×5 |
| 11:12 | Build | Mining Camp |
| 12:51 | Build | Blacksmith |
| 13:12 | Build | Market |
| 13:32 | Build | Mining Camp |
| 14:02 | Build | Farm |
| 14:02 | Build | Farm |
| 14:02 | Build | Farm |
| 14:15 | Build | Farm |
| 15:06 | Build | Mill |
| 15:10 | Build | Farm |
| 15:11 | Build | Farm |
| 15:40 | Build | Farm |
| 16:43 | Research | Castle Age |
| 17:55 | Build | Farm |
| 17:55 | Build | Farm |
| 18:29 | Build | House |
| 18:31 | Build | House |
| 18:31 | Build | House |
| 18:33 | Build | House |
| 18:34 | Build | House |
| 18:36 | Build | House |
| 19:09 | Age | Castle Age |
| 19:13 | Create | Villager (Male) ×5 |
| 19:29 | Build | Town Center |
| 21:21 | Create | Villager (Male) ×5 |
| 21:40 | Create | Villager (Male) ×5 |
| 21:47 | Build | Town Center |
| 21:58 | Build | House |
| 22:01 | Build | House |
| 22:02 | Build | House |
| 22:03 | Build | House |
| 22:31 | Build | Castle |
| 23:44 | Build | Town Center |
| 23:48 | Create | Villager (Male) ×5 |
| 23:54 | Create | Villager (Male) ×5 |
| 24:43 | Build | Castle |
| 25:28 | Build | Barracks |
| 25:34 | Research | Forging |
| 26:31 | Build | Stable |
| 26:33 | Build | Stable |
| 26:55 | Build | Farm |
| 27:15 | Create | Villager (Male) ×5 |
| 27:20 | Build | Farm |
| 27:20 | Build | Farm |
| 28:00 | Build | Farm |
| 28:06 | Build | Farm |
Build order — QQQQQQQQQQQQ
126 actions detected in the replay
| 0:00 | Create | Villager (Male) |
| 0:01 | Create | Villager (Male) |
| 0:01 | Create | Villager (Male) |
| 0:05 | Build | House |
| 0:09 | Build | House |
| 0:43 | Create | Villager (Male) |
| 1:32 | Create | Villager (Male) |
| 2:06 | Create | Villager (Male) |
| 2:46 | Create | Villager (Male) |
| 2:46 | Create | Villager (Male) |
| 3:02 | Create | Villager (Male) |
| 3:41 | Build | House |
| 3:42 | Build | House |
| 3:47 | Create | Villager (Male) |
| 4:04 | Create | Villager (Male) |
| 4:27 | Create | Villager (Male) |
| 4:46 | Build | Lumber Camp |
| 4:55 | Create | Villager (Male) |
| 4:55 | Create | Villager (Male) |
| 5:58 | Create | Villager (Male) |
| 6:18 | Create | Villager (Male) |
| 6:19 | Create | Villager (Male) |
| 7:04 | Create | Villager (Male) |
| 7:10 | Build | House |
| 7:11 | Build | House |
| 7:25 | Create | Villager (Male) |
| 7:25 | Create | Villager (Male) |
| 7:32 | Build | Mill |
| 7:37 | Create | Villager (Male) |
| 7:37 | Create | Villager (Male) |
| 7:50 | Build | House |
| 8:06 | Build | Mill |
| 8:58 | Build | Lumber Camp |
| 9:01 | Create | Villager (Male) |
| 9:26 | Build | Farm |
| 9:28 | Create | Villager (Male) |
| 9:29 | Create | Villager (Male) |
| 9:53 | Create | Villager (Male) |
| 9:58 | Build | Mining Camp |
| 10:15 | Build | Farm |
| 10:34 | Build | Farm |
| 10:52 | Build | Farm |
| 11:02 | Create | Villager (Male) |
| 11:03 | Create | Villager (Male) |
| 11:13 | Research | Feudal Age |
| 11:48 | Build | Mining Camp |
| 12:12 | Build | Farm |
| 12:29 | Build | Farm |
| 12:34 | Build | Farm |
| 12:46 | Build | House |
| 12:49 | Build | House |
| 13:14 | Create | Villager (Male) |
| 13:33 | Research | Loom |
| 13:39 | Build | House |
| 14:06 | Age | Feudal Age |
| 14:07 | Research | Wheelbarrow |
| 14:09 | Research | Double-Bit Axe |
| 15:19 | Build | Watch Tower |
| 15:27 | Create | Villager (Male) |
| 15:38 | Research | Horse Collar |
| 15:41 | Research | Town Watch |
| 16:11 | Build | Market |
| 16:31 | Build | Blacksmith |
| 16:33 | Create | Villager (Male) |
| 17:10 | Build | Lumber Camp |
| 17:14 | Research | Castle Age |
| 17:31 | Build | Barracks |
| 17:39 | Research | Fletching |
| 17:41 | Research | Scale Barding Armor |
| 17:41 | Research | Forging |
| 18:33 | Research | Stone Mining |
| 18:55 | Build | Stable |
| 19:24 | Build | Mining Camp |
| 19:53 | Research | Gold Mining |
| 19:54 | Age | Castle Age |
| 20:19 | Build | Castle |
| 20:28 | Research | Bodkin Arrow |
| 20:35 | Create | Villager (Male) |
| 20:57 | Create | Villager (Male) |
| 21:04 | Build | Town Center |
| 21:36 | Create | Mameluke |
| 21:38 | Create | Mameluke |
| 21:54 | Build | Siege Workshop |
| 22:04 | Create | Mameluke |
| 22:43 | Create | Mameluke |
| 23:22 | Create | Scorpion |
| 23:22 | Create | Scorpion |
| 23:58 | Create | Mameluke |
| 23:59 | Create | Mameluke |
| 24:03 | Create | Villager (Male) |
| 24:03 | Create | Villager (Male) |
| 24:13 | Create | Mameluke ×2 |
| 25:24 | Build | Monastery |
| 25:42 | Create | Battering Ram |
| 25:42 | Create | Battering Ram |
| 25:43 | Create | Villager (Male) |
| 25:43 | Create | Villager (Male) |
| 25:45 | Build | Farm |
| 25:48 | Build | Farm |
| 25:49 | Build | Farm |
| 25:53 | Build | Farm |
| 26:04 | Research | Bloodlines |
| 26:07 | Create | Monk |
| 26:07 | Create | Monk |
| 27:18 | Create | Villager (Male) |
| 27:18 | Create | Villager (Male) |
| 27:18 | Create | Villager (Male) |
| 27:19 | Create | Villager (Male) |
| 27:19 | Create | Villager (Male) |
| 27:19 | Create | Villager (Male) |
| 27:21 | Build | Farm |
| 27:24 | Build | Farm |
| 27:25 | Build | Farm |
| 27:29 | Create | Villager (Male) |
| 27:56 | Create | Villager (Male) |
| 27:56 | Create | Villager (Male) |
| 27:56 | Create | Villager (Male) |
| 28:01 | Create | Monk |
| 28:02 | Create | Monk |
| 28:22 | Create | Villager (Male) |
| 28:22 | Create | Villager (Male) |
| 28:23 | Create | Villager (Male) |
| 28:26 | Build | Farm |
| 28:29 | Build | Farm |
| 28:31 | Build | Farm |
| 28:32 | Build | Farm |
Build order — Tsukitech
79 actions detected in the replay
| 0:07 | Build | House |
| 0:11 | Build | House |
| 0:13 | Create | Villager (Male) |
| 0:13 | Create | Villager (Male) |
| 0:48 | Create | Villager (Male) |
| 1:04 | Create | Villager (Male) |
| 1:45 | Create | Villager (Male) |
| 2:21 | Build | Lumber Camp |
| 2:23 | Create | Villager (Male) |
| 2:43 | Create | Villager (Male) |
| 3:07 | Create | Villager (Male) |
| 3:21 | Create | Villager (Male) |
| 4:04 | Create | Villager (Male) |
| 4:41 | Build | Mill |
| 4:47 | Create | Villager (Male) |
| 4:47 | Create | Villager (Male) |
| 5:18 | Build | House |
| 5:32 | Create | Villager (Male) |
| 5:53 | Create | Villager (Male) |
| 6:43 | Build | House |
| 6:46 | Create | Villager (Male) |
| 7:31 | Build | Mill |
| 7:36 | Create | Villager (Male) |
| 7:36 | Create | Villager (Male) |
| 8:08 | Create | Villager (Male) |
| 8:34 | Create | Villager (Male) |
| 9:10 | Create | Villager (Male) |
| 9:20 | Create | Villager (Male) |
| 9:55 | Create | Villager (Male) |
| 10:16 | Build | Farm |
| 10:32 | Build | House |
| 10:43 | Build | Farm |
| 10:46 | Research | Feudal Age |
| 11:03 | Build | Mining Camp |
| 12:17 | Create | Villager (Male) |
| 12:17 | Create | Villager (Male) |
| 12:56 | Age | Feudal Age |
| 13:31 | Research | Double-Bit Axe |
| 13:33 | Research | Horse Collar |
| 13:39 | Create | Villager (Male) |
| 13:54 | Build | House |
| 14:46 | Research | Loom |
| 15:18 | Create | Villager (Male) |
| 15:18 | Create | Villager (Male) |
| 15:39 | Build | Mining Camp |
| 15:56 | Create | Villager (Male) |
| 16:09 | Create | Villager (Male) |
| 16:17 | Build | Farm |
| 16:20 | Build | Farm |
| 16:28 | Build | Farm |
| 16:53 | Create | Villager (Male) |
| 17:06 | Build | Barracks |
| 17:08 | Build | Barracks |
| 17:29 | Build | Mining Camp |
| 17:36 | Create | Villager (Male) |
| 17:36 | Create | Villager (Male) |
| 17:45 | Research | Man-at-Arms (upgrade) |
| 18:17 | Build | Archery Range |
| 18:19 | Build | Archery Range |
| 18:29 | Build | Farm |
| 18:33 | Create | Villager (Male) |
| 18:41 | Build | Farm |
| 18:55 | Create | Archer |
| 18:56 | Create | Archer |
| 19:09 | Create | Archer |
| 20:14 | Build | Market |
| 20:28 | Build | Blacksmith |
| 20:58 | Research | Forging |
| 21:04 | Research | Castle Age |
| 21:39 | Build | Stone Wall |
| 22:28 | Create | Spearman ×5 |
| 23:18 | Create | Spearman ×5 |
| 23:18 | Create | Spearman ×5 |
| 23:44 | Age | Castle Age |
| 23:52 | Build | Castle |
| 25:50 | Create | Villager (Male) |
| 25:50 | Create | Villager (Male) |
| 25:54 | Create | Villager (Male) |
| 25:55 | Create | Villager (Male) |
Build order — Billyboy
105 actions detected in the replay
| 0:05 | Build | House |
| 0:06 | Create | Villager (Male) ×4 |
| 0:09 | Build | House |
| 0:37 | Build | House |
| 1:33 | Create | Villager (Male) |
| 1:35 | Research | Loom |
| 2:30 | Create | Villager (Male) |
| 2:30 | Create | Villager (Male) |
| 2:49 | Create | Villager (Male) |
| 2:53 | Create | Villager (Male) |
| 3:33 | Create | Villager (Male) |
| 3:56 | Build | Mill |
| 4:08 | Create | Villager (Male) |
| 4:24 | Create | Villager (Male) |
| 4:48 | Build | Lumber Camp |
| 4:51 | Create | Villager (Male) |
| 5:11 | Create | Villager (Male) |
| 5:37 | Create | Villager (Male) |
| 6:03 | Create | Villager (Male) |
| 6:04 | Create | Villager (Male) |
| 6:39 | Create | Villager (Male) |
| 7:04 | Build | House |
| 7:06 | Build | House |
| 8:14 | Research | Feudal Age |
| 8:22 | Build | Farm |
| 8:26 | Build | Farm |
| 8:42 | Create | Villager (Male) ×3 |
| 9:01 | Create | Villager (Male) |
| 9:02 | Create | Villager (Male) |
| 9:54 | Build | Mining Camp |
| 10:00 | Build | Mining Camp |
| 10:24 | Age | Feudal Age |
| 10:56 | Research | Double-Bit Axe |
| 11:50 | Create | Villager (Male) |
| 11:51 | Create | Villager (Male) |
| 12:30 | Create | Villager (Male) |
| 12:34 | Build | Farm |
| 12:58 | Build | Farm |
| 13:32 | Build | Farm |
| 13:33 | Create | Villager (Male) |
| 13:34 | Create | Villager (Male) |
| 13:47 | Build | Farm |
| 14:12 | Build | Farm |
| 14:16 | Create | Villager (Male) |
| 14:20 | Build | House |
| 14:21 | Build | House |
| 14:27 | Build | Market |
| 14:31 | Build | Blacksmith |
| 14:40 | Build | Farm |
| 15:35 | Build | Farm |
| 15:46 | Build | House |
| 15:47 | Build | House |
| 15:48 | Build | House |
| 16:02 | Research | Castle Age |
| 16:38 | Build | Farm |
| 16:41 | Build | Farm |
| 16:42 | Build | Farm |
| 16:44 | Build | Farm |
| 16:47 | Research | Horse Collar |
| 16:50 | Research | Gold Mining |
| 17:29 | Research | Stone Mining |
| 17:46 | Build | Farm |
| 17:49 | Build | Farm |
| 18:42 | Age | Castle Age |
| 18:52 | Build | Castle |
| 19:00 | Create | Villager (Male) ×5 |
| 19:07 | Research | Bow Saw |
| 20:32 | Create | Villager (Male) |
| 21:29 | Create | Villager (Male) ×5 |
| 22:01 | Build | Farm |
| 22:19 | Build | Town Center |
| 22:32 | Build | Farm |
| 22:59 | Research | Wheelbarrow |
| 23:07 | Build | Farm |
| 23:14 | Build | Farm |
| 23:16 | Create | Villager (Male) |
| 23:17 | Create | Villager (Male) |
| 23:40 | Build | Farm |
| 23:50 | Create | Villager (Male) |
| 23:50 | Create | Villager (Male) |
| 23:51 | Create | Villager (Male) |
| 24:03 | Research | Gold Shaft Mining |
| 24:06 | Build | Farm |
| 24:15 | Create | Villager (Male) ×5 |
| 24:24 | Build | Farm |
| 24:31 | Build | Farm |
| 25:37 | Create | Villager (Male) |
| 25:37 | Create | Villager (Male) |
| 25:39 | Create | Villager (Male) |
| 25:39 | Create | Villager (Male) |
| 25:39 | Create | Villager (Male) |
| 25:42 | Create | Villager (Male) |
| 25:43 | Create | Villager (Male) |
| 25:43 | Create | Villager (Male) |
| 25:50 | Research | Heavy Plow |
| 26:54 | Build | Castle |
| 27:10 | Research | Imperial Age |
| 27:19 | Create | Longbowman |
| 27:25 | Create | Longbowman |
| 27:51 | Create | Villager (Male) |
| 27:51 | Create | Villager (Male) |
| 27:52 | Create | Villager (Male) |
| 27:52 | Create | Villager (Male) |
| 27:52 | Create | Villager (Male) |
| 27:59 | Create | Longbowman ×3 |
Build order — 家恒
150 actions detected in the replay
| 0:10 | Create | Villager (Male) |
| 0:11 | Create | Villager (Male) |
| 0:11 | Create | Villager (Male) |
| 0:11 | Create | Villager (Male) |
| 0:12 | Create | Villager (Male) |
| 1:27 | Create | Villager (Male) |
| 2:02 | Create | Villager (Male) |
| 2:27 | Create | Villager (Male) |
| 2:56 | Create | Villager (Male) |
| 3:11 | Create | Villager (Male) |
| 3:35 | Create | Villager (Male) |
| 3:56 | Build | Lumber Camp |
| 3:59 | Build | Mill |
| 4:17 | Create | Villager (Male) |
| 4:44 | Create | Villager (Male) |
| 5:13 | Create | Villager (Male) |
| 5:14 | Create | Villager (Male) |
| 6:02 | Create | Villager (Male) |
| 6:42 | Create | Villager (Male) |
| 7:00 | Create | Villager (Male) |
| 7:07 | Build | Farm |
| 7:07 | Build | Farm |
| 7:07 | Build | Farm |
| 7:07 | Build | Farm |
| 7:10 | Build | Farm |
| 7:10 | Build | Farm |
| 7:33 | Build | Farm |
| 7:36 | Create | Villager (Male) |
| 7:37 | Create | Villager (Male) |
| 8:29 | Create | Villager (Male) |
| 8:30 | Create | Villager (Male) |
| 8:56 | Create | Villager (Male) |
| 9:37 | Create | Villager (Male) |
| 10:12 | Create | Villager (Male) |
| 10:32 | Build | Farm |
| 10:32 | Build | Farm |
| 10:37 | Create | Villager (Male) |
| 11:02 | Create | Villager (Male) |
| 11:26 | Create | Villager (Male) |
| 11:29 | Research | Feudal Age |
| 11:50 | Build | Mill |
| 11:55 | Build | Farm |
| 11:56 | Build | Farm |
| 11:56 | Build | Farm |
| 11:57 | Build | Farm |
| 11:58 | Build | Farm |
| 11:58 | Build | Farm |
| 13:39 | Age | Feudal Age |
| 13:41 | Create | Villager (Male) |
| 13:42 | Create | Villager (Male) |
| 13:42 | Create | Villager (Male) |
| 13:48 | Research | Double-Bit Axe |
| 13:49 | Research | Horse Collar |
| 14:27 | Build | Farm |
| 14:27 | Build | Farm |
| 14:27 | Build | Farm |
| 14:27 | Build | Farm |
| 14:28 | Build | Farm |
| 14:28 | Build | Farm |
| 14:36 | Build | Blacksmith |
| 14:38 | Build | Market |
| 15:00 | Build | Mining Camp |
| 15:03 | Create | Villager (Male) |
| 15:04 | Create | Villager (Male) |
| 15:53 | Create | Villager (Male) |
| 16:19 | Create | Villager (Male) |
| 16:27 | Research | Castle Age |
| 16:33 | Build | Farm |
| 19:24 | Age | Castle Age |
| 19:26 | Build | Town Center |
| 19:35 | Build | Town Center |
| 19:37 | Create | Villager (Male) |
| 19:37 | Create | Villager (Male) |
| 19:38 | Create | Villager (Male) |
| 19:40 | Research | Bow Saw |
| 19:42 | Research | Heavy Plow |
| 20:20 | Build | Mining Camp |
| 20:51 | Build | Monastery |
| 20:55 | Create | Villager (Male) |
| 20:55 | Create | Villager (Male) |
| 20:55 | Create | Villager (Male) |
| 22:01 | Create | Villager (Male) |
| 22:01 | Create | Villager (Male) |
| 22:01 | Create | Villager (Male) |
| 22:02 | Create | Villager (Male) |
| 22:03 | Create | Villager (Male) |
| 22:04 | Create | Villager (Male) |
| 22:05 | Create | Villager (Male) |
| 22:10 | Create | Villager (Male) |
| 22:10 | Create | Villager (Male) |
| 22:10 | Create | Villager (Male) |
| 22:11 | Create | Villager (Male) |
| 22:11 | Create | Villager (Male) |
| 22:11 | Create | Villager (Male) |
| 22:16 | Build | University |
| 22:17 | Create | Monk |
| 22:28 | Create | Villager (Male) |
| 22:52 | Create | Villager (Male) |
| 22:54 | Create | Villager (Male) |
| 23:04 | Create | Villager (Male) |
| 23:55 | Build | Farm |
| 23:56 | Create | Villager (Male) |
| 23:56 | Create | Villager (Male) |
| 23:56 | Create | Villager (Male) |
| 23:57 | Create | Villager (Male) |
| 23:57 | Create | Villager (Male) |
| 24:11 | Research | Imperial Age |
| 24:18 | Create | Villager (Male) |
| 24:19 | Create | Villager (Male) |
| 24:22 | Create | Villager (Male) |
| 24:22 | Create | Villager (Male) |
| 24:25 | Create | Villager (Male) |
| 24:33 | Create | Monk |
| 25:52 | Create | Villager (Male) |
| 25:53 | Create | Villager (Male) |
| 25:53 | Create | Villager (Male) |
| 25:53 | Create | Villager (Male) |
| 25:53 | Create | Villager (Male) |
| 25:54 | Create | Villager (Male) |
| 25:54 | Create | Villager (Male) |
| 25:54 | Create | Villager (Male) |
| 26:04 | Build | Farm |
| 26:05 | Build | Farm |
| 26:05 | Build | Farm |
| 26:06 | Build | Farm |
| 26:07 | Build | Farm |
| 26:07 | Build | Farm |
| 26:08 | Build | Farm |
| 26:16 | Build | Farm |
| 26:16 | Build | Farm |
| 26:16 | Build | Farm |
| 26:20 | Build | Farm |
| 26:20 | Build | Farm |
| 26:22 | Create | Villager (Male) |
| 26:22 | Create | Villager (Male) |
| 26:23 | Create | Villager (Male) |
| 26:26 | Create | Villager (Male) |
| 26:27 | Create | Villager (Male) |
| 26:27 | Create | Villager (Male) |
| 26:49 | Build | Farm |
| 27:11 | Build | Barracks |
| 27:23 | Age | Imperial Age |
| 27:25 | Research | Two-Man Saw |
| 27:53 | Build | Farm |
| 28:06 | Build | Mill |
| 28:07 | Build | Farm |
| 28:07 | Build | Farm |
| 28:07 | Build | Farm |
| 28:08 | Build | Farm |
| 28:31 | Build | Stable |
Build order — you go die
First 150 of 225 actions detected
| 0:02 | Create | Villager (Male) |
| 0:02 | Create | Villager (Male) |
| 0:03 | Create | Villager (Male) |
| 0:03 | Create | Villager (Male) |
| 0:03 | Create | Villager (Male) |
| 0:07 | Build | House |
| 0:13 | Build | House |
| 0:31 | Research | Loom |
| 1:35 | Create | Villager (Male) |
| 1:35 | Create | Villager (Male) |
| 1:50 | Create | Villager (Male) |
| 1:50 | Create | Villager (Male) |
| 2:27 | Create | Villager (Male) |
| 2:27 | Create | Villager (Male) |
| 2:27 | Create | Villager (Male) |
| 3:24 | Create | Villager (Male) |
| 3:24 | Create | Villager (Male) |
| 3:25 | Create | Villager (Male) |
| 3:59 | Create | Villager (Male) |
| 3:59 | Create | Villager (Male) |
| 4:06 | Build | House |
| 4:11 | Build | House |
| 4:12 | Build | House |
| 4:14 | Build | House |
| 4:15 | Build | House |
| 4:16 | Build | House |
| 4:20 | Create | Villager (Male) |
| 4:20 | Create | Villager (Male) |
| 4:52 | Create | Villager (Male) |
| 4:53 | Create | Villager (Male) |
| 4:53 | Create | Villager (Male) |
| 5:15 | Create | Villager (Male) |
| 5:32 | Create | Villager (Male) |
| 5:32 | Create | Villager (Male) |
| 5:48 | Create | Villager (Male) |
| 5:48 | Create | Villager (Male) |
| 6:09 | Create | Villager (Male) |
| 6:09 | Create | Villager (Male) |
| 6:28 | Build | Lumber Camp |
| 6:51 | Build | Mining Camp |
| 7:03 | Create | Villager (Male) |
| 7:03 | Create | Villager (Male) |
| 7:57 | Create | Villager (Male) |
| 7:58 | Create | Villager (Male) |
| 7:58 | Create | Villager (Male) |
| 7:58 | Create | Villager (Male) |
| 8:22 | Build | Mill |
| 8:37 | Build | Lumber Camp |
| 8:39 | Create | Villager (Male) |
| 8:41 | Create | Villager (Male) |
| 9:04 | Build | Mill |
| 9:30 | Build | Farm |
| 9:49 | Build | Farm |
| 9:54 | Research | Feudal Age |
| 10:05 | Build | Farm |
| 11:10 | Create | Villager (Male) |
| 11:10 | Create | Villager (Male) |
| 11:11 | Create | Villager (Male) |
| 11:11 | Create | Villager (Male) |
| 12:15 | Age | Feudal Age |
| 12:23 | Build | Market |
| 12:28 | Build | Blacksmith |
| 12:33 | Build | House |
| 12:34 | Build | House |
| 13:00 | Research | Double-Bit Axe |
| 13:50 | Create | Villager (Male) |
| 14:20 | Research | Castle Age |
| 14:49 | Research | Gold Mining |
| 14:57 | Research | Horse Collar |
| 15:00 | Build | Farm |
| 15:02 | Build | Farm |
| 15:05 | Build | Farm |
| 15:07 | Build | Farm |
| 15:09 | Build | Farm |
| 15:38 | Research | Stone Mining |
| 15:45 | Create | Villager (Male) |
| 16:17 | Create | Villager (Male) |
| 16:50 | Create | Villager (Male) |
| 17:00 | Age | Castle Age |
| 17:02 | Research | Heavy Plow |
| 17:12 | Build | Town Center |
| 17:23 | Build | Farm |
| 17:26 | Build | Farm |
| 17:29 | Build | Farm |
| 17:31 | Build | Farm |
| 17:33 | Build | Farm |
| 17:35 | Build | Farm |
| 17:41 | Create | Villager (Male) |
| 17:41 | Create | Villager (Male) |
| 17:47 | Build | Monastery |
| 17:51 | Build | House |
| 17:53 | Build | House |
| 17:54 | Build | House |
| 17:55 | Build | House |
| 18:13 | Build | Lumber Camp |
| 18:22 | Create | Villager (Male) |
| 18:29 | Create | Villager (Male) |
| 18:38 | Create | Monk |
| 18:52 | Research | Wheelbarrow |
| 18:52 | Create | Villager (Male) |
| 19:23 | Create | Villager (Male) |
| 19:29 | Research | Bow Saw |
| 20:03 | Create | Villager (Male) |
| 20:04 | Create | Villager (Male) |
| 20:07 | Create | Villager (Male) |
| 20:08 | Create | Villager (Male) |
| 20:35 | Build | Farm |
| 20:41 | Build | House |
| 20:44 | Build | House |
| 20:46 | Build | House |
| 20:47 | Build | House |
| 20:48 | Build | House |
| 20:55 | Create | Villager (Male) |
| 20:55 | Create | Villager (Male) |
| 20:58 | Create | Villager (Male) |
| 21:00 | Build | Farm |
| 21:02 | Create | Villager (Male) |
| 21:25 | Build | Town Center |
| 21:30 | Build | Farm |
| 21:32 | Create | Villager (Male) |
| 21:33 | Create | Villager (Male) |
| 21:49 | Build | Farm |
| 21:52 | Create | Villager (Male) |
| 21:53 | Create | Villager (Male) |
| 22:29 | Build | Farm |
| 22:32 | Create | Villager (Male) |
| 22:34 | Create | Villager (Male) |
| 22:34 | Create | Villager (Male) |
| 22:36 | Create | Villager (Male) |
| 22:36 | Create | Villager (Male) |
| 22:36 | Create | Villager (Male) |
| 22:37 | Create | Villager (Male) |
| 22:40 | Build | Farm |
| 22:46 | Create | Villager (Male) |
| 22:52 | Create | Villager (Male) |
| 23:08 | Build | Farm |
| 23:10 | Build | Farm |
| 23:13 | Create | Villager (Male) |
| 23:15 | Create | Villager (Male) |
| 23:17 | Create | Villager (Male) |
| 23:30 | Build | House |
| 23:31 | Build | House |
| 23:33 | Build | House |
| 23:34 | Build | House |
| 23:36 | Build | House |
| 23:40 | Build | Farm |
| 23:43 | Build | Farm |
| 23:45 | Create | Villager (Male) |
| 23:47 | Create | Villager (Male) |
| 23:50 | Create | Villager (Male) |
Build order — 圖表大師
122 actions detected in the replay
| 0:09 | Build | House |
| 0:10 | Build | House |
| 0:13 | Create | Villager (Male) ×4 |
| 0:13 | Create | Villager (Male) |
| 1:10 | Build | House |
| 1:44 | Build | House |
| 1:50 | Create | Villager (Male) |
| 1:50 | Create | Villager (Male) |
| 2:31 | Create | Villager (Male) |
| 2:42 | Create | Villager (Male) |
| 2:42 | Create | Villager (Male) |
| 3:14 | Create | Villager (Male) |
| 3:32 | Create | Villager (Male) |
| 3:57 | Create | Villager (Male) |
| 4:19 | Create | Villager (Male) |
| 4:19 | Create | Villager (Male) |
| 4:45 | Build | Mill |
| 4:52 | Create | Villager (Male) |
| 4:52 | Create | Villager (Male) |
| 5:36 | Research | Loom |
| 6:05 | Create | Villager (Male) |
| 6:08 | Create | Villager (Male) |
| 6:08 | Create | Villager (Male) |
| 6:42 | Create | Villager (Male) |
| 6:43 | Create | Villager (Male) |
| 6:43 | Create | Villager (Male) |
| 8:06 | Create | Villager (Male) |
| 8:14 | Build | House |
| 8:32 | Create | Villager (Male) |
| 8:45 | Build | Lumber Camp |
| 8:51 | Build | Mining Camp |
| 8:55 | Create | Villager (Male) |
| 8:55 | Create | Villager (Male) |
| 9:08 | Build | Mill |
| 9:34 | Build | Mining Camp |
| 9:44 | Research | Feudal Age |
| 11:59 | Create | Villager (Male) |
| 12:00 | Create | Villager (Male) |
| 12:00 | Age | Feudal Age |
| 12:17 | Research | Double-Bit Axe |
| 12:18 | Research | Double-Bit Axe |
| 12:21 | Research | Horse Collar |
| 12:21 | Research | Horse Collar |
| 12:41 | Build | House |
| 12:43 | Create | Villager (Male) |
| 12:43 | Create | Villager (Male) |
| 12:57 | Build | Farm |
| 12:57 | Build | Farm |
| 12:57 | Build | Farm |
| 12:57 | Build | Farm |
| 12:58 | Build | Farm |
| 13:02 | Create | Villager (Male) |
| 13:02 | Create | Villager (Male) |
| 13:07 | Build | House |
| 13:25 | Build | House |
| 15:23 | Build | Farm |
| 15:24 | Create | Villager (Male) |
| 15:24 | Create | Villager (Male) |
| 16:01 | Build | Market |
| 16:12 | Research | Stone Mining |
| 17:04 | Build | Blacksmith |
| 17:07 | Create | Villager (Male) |
| 17:08 | Create | Villager (Male) |
| 17:21 | Build | Farm |
| 17:21 | Build | Farm |
| 17:22 | Build | Farm |
| 17:22 | Build | Farm |
| 17:22 | Build | Farm |
| 17:22 | Build | Farm |
| 17:46 | Research | Castle Age |
| 18:13 | Research | Gold Mining |
| 18:53 | Build | Mining Camp |
| 19:13 | Create | Villager (Male) |
| 20:37 | Age | Castle Age |
| 20:49 | Build | Castle |
| 20:55 | Create | Villager (Male) |
| 20:55 | Create | Villager (Male) |
| 20:58 | Research | Bow Saw |
| 21:01 | Research | Heavy Plow |
| 21:04 | Research | Gold Shaft Mining |
| 21:31 | Build | University |
| 21:48 | Build | Siege Workshop |
| 21:55 | Build | Farm |
| 21:55 | Build | Farm |
| 21:56 | Build | Farm |
| 21:56 | Build | Farm |
| 21:57 | Build | Farm |
| 21:59 | Create | Villager (Male) ×4 |
| 22:26 | Create | Gbeto |
| 22:27 | Create | Gbeto |
| 23:00 | Build | Mill |
| 23:05 | Create | Gbeto |
| 23:05 | Create | Gbeto |
| 23:36 | Build | Barracks |
| 23:40 | Create | Villager (Male) |
| 23:41 | Create | Villager (Male) |
| 23:41 | Create | Villager (Male) |
| 24:03 | Create | Battering Ram |
| 24:40 | Create | Gbeto |
| 24:40 | Create | Gbeto |
| 25:15 | Create | Gbeto |
| 25:15 | Create | Gbeto |
| 25:45 | Research | Arson |
| 25:46 | Research | Squires |
| 25:46 | Research | Squires |
| 25:49 | Create | Gbeto |
| 25:59 | Create | Battering Ram |
| 26:04 | Research | Wheelbarrow |
| 26:05 | Research | Wheelbarrow |
| 26:11 | Research | Stone Shaft Mining |
| 26:11 | Research | Stone Shaft Mining |
| 26:27 | Create | Gbeto |
| 26:28 | Create | Gbeto |
| 27:11 | Create | Villager (Male) ×5 |
| 27:34 | Create | Gbeto |
| 27:34 | Create | Gbeto |
| 27:35 | Create | Gbeto |
| 27:46 | Research | Treadmill Crane |
| 27:48 | Research | Murder Holes |
| 27:49 | Research | Ballistics |
| 28:35 | Create | Villager (Male) |
| 28:35 | Create | Villager (Male) |
Build order — LB_小小leo
129 actions detected in the replay
| 0:33 | Create | Villager (Male) |
| 0:33 | Create | Villager (Male) |
| 1:13 | Build | House |
| 1:19 | Build | House |
| 2:16 | Create | Villager (Male) |
| 2:16 | Create | Villager (Male) |
| 2:16 | Create | Villager (Male) |
| 2:16 | Create | Villager (Male) |
| 2:16 | Create | Villager (Male) |
| 2:17 | Create | Villager (Male) |
| 2:21 | Build | House |
| 3:32 | Create | Villager (Male) |
| 3:32 | Create | Villager (Male) |
| 3:32 | Create | Villager (Male) |
| 3:37 | Build | House |
| 4:40 | Create | Villager (Male) |
| 4:41 | Create | Villager (Male) |
| 4:41 | Create | Villager (Male) |
| 5:58 | Create | Villager (Male) |
| 5:58 | Create | Villager (Male) |
| 5:58 | Create | Villager (Male) |
| 5:58 | Create | Villager (Male) |
| 5:59 | Create | Villager (Male) |
| 6:09 | Build | Mill |
| 6:41 | Build | House |
| 7:11 | Build | Farm |
| 7:30 | Create | Villager (Male) |
| 7:31 | Create | Villager (Male) |
| 7:31 | Create | Villager (Male) |
| 7:31 | Create | Villager (Male) |
| 8:10 | Build | Farm |
| 8:31 | Build | Lumber Camp |
| 9:02 | Create | Villager (Male) |
| 9:03 | Create | Villager (Male) |
| 9:03 | Create | Villager (Male) |
| 9:03 | Create | Villager (Male) |
| 9:23 | Create | Villager (Male) |
| 9:23 | Create | Villager (Male) |
| 9:26 | Research | Feudal Age |
| 9:48 | Build | Farm |
| 9:52 | Build | Farm |
| 10:35 | Build | House |
| 11:04 | Build | House |
| 11:06 | Build | House |
| 11:08 | Build | House |
| 11:30 | Create | Villager (Male) ×5 |
| 11:31 | Create | Villager (Male) ×5 |
| 11:31 | Create | Villager (Male) ×5 |
| 11:31 | Create | Villager (Male) |
| 11:36 | Age | Feudal Age |
| 11:55 | Build | Farm |
| 12:11 | Build | Mining Camp |
| 12:38 | Build | Mining Camp |
| 13:25 | Build | Blacksmith |
| 13:37 | Build | Market |
| 13:53 | Create | Villager (Male) |
| 13:54 | Create | Villager (Male) |
| 13:54 | Create | Villager (Male) |
| 13:54 | Create | Villager (Male) |
| 13:54 | Create | Villager (Male) |
| 14:09 | Build | Farm |
| 14:42 | Build | Market |
| 15:52 | Build | House |
| 15:54 | Build | House |
| 15:55 | Build | House |
| 15:56 | Build | House |
| 16:20 | Create | Villager (Male) |
| 16:20 | Create | Villager (Male) |
| 16:20 | Create | Villager (Male) |
| 16:20 | Create | Villager (Male) |
| 16:20 | Create | Villager (Male) |
| 16:21 | Create | Villager (Male) |
| 16:21 | Create | Villager (Male) |
| 16:54 | Build | Farm |
| 17:37 | Build | Farm |
| 17:41 | Build | Farm |
| 17:44 | Build | Farm |
| 18:31 | Build | Farm |
| 19:20 | Build | Farm |
| 19:42 | Research | Castle Age |
| 19:42 | Research | Castle Age |
| 20:33 | Build | House |
| 20:34 | Build | House |
| 20:35 | Build | House |
| 20:38 | Build | House |
| 20:40 | Build | House |
| 20:42 | Build | House |
| 21:25 | Research | Padded Archer Armor |
| 21:26 | Research | Fletching |
| 22:22 | Age | Castle Age |
| 22:30 | Build | Castle |
| 23:26 | Build | Town Center |
| 23:56 | Create | Mangudai |
| 23:56 | Create | Mangudai |
| 23:56 | Create | Mangudai |
| 23:56 | Create | Mangudai |
| 23:56 | Create | Mangudai |
| 24:05 | Create | Mangudai |
| 24:05 | Create | Mangudai |
| 24:05 | Create | Mangudai |
| 24:22 | Create | Villager (Male) |
| 24:22 | Create | Villager (Male) |
| 24:22 | Create | Villager (Male) |
| 24:22 | Create | Villager (Male) |
| 24:22 | Create | Villager (Male) |
| 24:23 | Create | Villager (Male) |
| 24:23 | Create | Villager (Male) |
| 24:25 | Create | Villager (Male) |
| 24:25 | Create | Villager (Male) |
| 24:25 | Create | Villager (Male) |
| 24:46 | Research | Horse Collar |
| 24:49 | Research | Double-Bit Axe |
| 24:53 | Research | Leather Archer Armor |
| 25:09 | Build | Monastery |
| 25:15 | Build | University |
| 25:43 | Research | Wheelbarrow |
| 26:08 | Build | Mining Camp |
| 26:23 | Build | Farm |
| 26:24 | Create | Villager (Male) |
| 26:25 | Create | Villager (Male) |
| 26:25 | Create | Villager (Male) |
| 26:25 | Create | Villager (Male) |
| 26:25 | Create | Villager (Male) |
| 26:25 | Create | Villager (Male) |
| 26:26 | Create | Villager (Male) |
| 27:01 | Build | Farm |
| 27:33 | Build | Farm |
| 27:59 | Build | Farm |
| 28:12 | Build | Farm |
Match timeline
| 8:56 | 喜多川海梦 · age_up feudal |
| 10:24 | Billyboy · age_up feudal |
| 11:36 | LB_小小leo · age_up feudal |
| 12:00 | 圖表大師 · age_up feudal |
| 12:15 | you go die · age_up feudal |
| 12:56 | Tsukitech · age_up feudal |
| 13:39 | 家恒 · age_up feudal |
| 14:06 | QQQQQQQQQQQQ · age_up feudal |
| 16:23 | 家恒 · first_market_sell 100 food |
| 17:00 | you go die · age_up castle |
| 17:06 | Tsukitech · first_building Barracks |
| 17:31 | QQQQQQQQQQQQ · first_building Barracks |
| 17:47 | you go die · first_building Monastery |
| 18:17 | Tsukitech · first_building Archery Range |
| 18:42 | Billyboy · age_up castle |
| 18:52 | Billyboy · first_building Castle |
| 18:55 | QQQQQQQQQQQQ · first_building Stable |
| 19:09 | 喜多川海梦 · age_up castle |
| 19:24 | 家恒 · age_up castle |
| 19:54 | QQQQQQQQQQQQ · age_up castle |
| 20:19 | QQQQQQQQQQQQ · first_building Castle |
| 20:37 | 圖表大師 · age_up castle |
| 20:49 | 圖表大師 · first_building Castle |
| 20:51 | 家恒 · first_building Monastery |
| 21:39 | Tsukitech · wall_segment Stone Wall x19 |
| 21:48 | 圖表大師 · first_building Siege Workshop |
| 21:54 | QQQQQQQQQQQQ · first_building Siege Workshop |
| 22:22 | LB_小小leo · age_up castle |
| 22:30 | LB_小小leo · first_building Castle |
| 22:31 | 喜多川海梦 · first_building Castle |
| 23:36 | 圖表大師 · first_building Barracks |
| 23:44 | Tsukitech · age_up castle |
| 23:52 | Tsukitech · first_building Castle |
| 24:11 | QQQQQQQQQQQQ · first_market_sell 500 wood |
| 25:09 | LB_小小leo · first_building Monastery |
| 25:24 | QQQQQQQQQQQQ · first_building Monastery |
| 25:28 | 喜多川海梦 · first_building Barracks |
| 26:31 | 喜多川海梦 · first_building Stable |
| 27:11 | 家恒 · first_building Barracks |
| 27:23 | 家恒 · age_up imperial |
| 27:30 | Tsukitech · resign |
| 28:23 | you go die · first_building Barracks |
| 28:31 | 家恒 · first_building Stable |
[ AI ANALYSIS · 1 CREDIT ]
What really happened in this match?
Wolo.gg analyzes every decision: build order, eco, micro, common mistakes by bracket. Personalized analysis on WhatsApp or Discord in 30 seconds.
Civ guide
Persians
Map guide
Arena
Perfil
喜多川海梦